 Dungeon Crawl Stone Soup version 0.31-a0-1591-g515db51633 (webtiles) character file.

Game seed: 9032750238416055092

5 shadizar the Magician (level 1, 0/16 HPs)
             Began as a Djinni Ice Elementalist on Jan 6, 2024.
             Slain by a goblin
             ... wielding a +0 club
              (4 damage)
             ... on level 1 of the Dungeon.
             The game lasted 00:00:49 (94 turns).

shadizar the Magician (Djinni Ice Elementalist)       Turns: 94, Time: 00:00:50

Health: 0/16       AC:  2    Str:  7    XL:     1   Next: 88%
Gold:   0          EV: 12    Int: 16    God:
                   SH:  0    Dex: 13

rFire   + + .        (no weapon)
rCold   x . .        (no shield)
rNeg    . . .        a - +0 robe
rPois   ∞            (no helmet)
rElec   .            (no cloak)
rCorr   .            (no gloves)
SInv    .            (boots unavailable)
Will    .....        (no amulet)
Stlth   ++           (no ring)
HPRegen 0.22/turn    (no ring)
MPRegen 0.00/turn

%: infuse magic (-1 HP)
@: flying
A: sickness immunity, fire resistance 2, cold vulnerability 1, float, innate
caster, HP casting, extra vitality 1
a: no special abilities


You were on level 1 of the Dungeon.
You visited 1 branch of the dungeon, and saw 1 of its levels.

Inventory:

Armour
 a - a +0 robe (worn)
Potions
 b - 2 potions of curing {unknown}


   Skills:
 * Level 0.8 Fighting
 - Level 2.1 Dodging
 - Level 1.5 Stealth
 + Level 3.6 Spellcasting
 + Level 3.6 Conjurations
 + Level 3.6 Hexes
 + Level 3.6 Summonings
 + Level 3.6 Necromancy
 + Level 3.6 Translocations
 + Level 3.6 Fire Magic
 + Level 3.6 Ice Magic
 + Level 3.6 Air Magic
 + Level 3.6 Earth Magic
 + Level 3.6 Alchemy


You knew the following spells:

 Your Spells              Type           Power      Damage    Failure   Level
a - Freeze                Ice            56%        1d7       4%          1
b - Frozen Ramparts       Ice            28%        1d5       12%         3
c - Ozocubu's Armour      Ice            14%        N/A       12%         3
d - Summon Ice Beast      Ice/Summ       14%        N/A       12%         3
Your spell library was empty.

Dungeon Overview and Level Annotations

Branches:
Dungeon (1/15)

Altars:


Innate Abilities, Weirdness & Mutations

You are immune to sickness and miasma.
You are immune to poison.
Your flesh is very heat resistant. (rF++)
You are vulnerable to cold. (rC-)
You float through the air rather than walking.
You learn spells naturally, not from books.
Your magical power is your life essence.
You have superior vitality. (+4 MHP)


Message History

You freeze the dart slug.
The dart slug is almost dead.
The dart slug launches a dart at you. The slug dart hits you.
* * * LOW HITPOINT WARNING * * *
Casting: Freeze (safe; 4% risk of failure)
Confirm with . or Enter, or press ? or * to list all spells.
You don't have enough health to cast this spell.
Unknown command.
You hit the dart slug.
You kill the dart slug!
You see here a dart slug corpse.
Your magical contamination has completely faded away.
Found a chain mail.
A kobold comes into view. It is wielding a +0 dagger.
The kobold shouts!
You hear a shout!
The kobold misses you.
You barely miss the kobold. The kobold closely misses you.
You hit the kobold but do no damage.
A goblin comes into view. It is wielding a +0 club.
The kobold hits you with a +0 dagger.
You hit the kobold but do no damage. The kobold hits you with a +0 dagger.
* * * LOW HITPOINT WARNING * * *
You hit the kobold.
The kobold is moderately wounded.
A ball python comes into view.
The kobold barely misses you.
The ball python hisses angrily.
You hit the kobold but do no damage.
The kobold is moderately wounded.
The kobold hits you with a +0 dagger.
* * * LOW HITPOINT WARNING * * *
You hit the kobold.
You kill the kobold!
The goblin barely misses you. The goblin barely misses you.
You see here a +0 dagger.
You closely miss the ball python. The ball python completely misses you.
The ball python barely misses you. The goblin hits you with a +0 club.
You die...

..# ..# #.# #.# ... #.#
#S####### ##+## #@g......
##...## #.#######
##.....## #.#######.
##.......# ##.........
##.......# ##..........
.'.......#####.....#.##.#
##.........<>........#
##......#####.......#
##.....# #.......#


You could see a goblin and a ball python.

Vanquished Creatures
  A dart slug (D:1)
  2 kobolds (D:1)
  A goblin (D:1)
4 creatures vanquished.

Notes
Turn   | Place    | Note
-------+----------+-------------------------------------------
     0 | D:1      | shadizar the Djinni Ice Elementalist began the quest for
                  | the Orb.
     0 | D:1      | shadizar set off with the following spells memorised:
                  | Freeze, Frozen Ramparts, Ozocubu's Armour, Summon Ice
                  | Beast.
     0 | D:1      | Reached XP level 1. HP: 15/15 MP: 0/0
    11 | D:1      | Found a faded altar of an unknown god.
    94 | D:1      | Slain by a goblin

Illustrated notes

Levels and vault maps discovered:
D:1:      dpeg_arrival_tiny_j, layout_loops_corners, serial_shops, shop, shop,
          shop, shop, shop, basic_ecumenical_altar

Action                     || total
---------------------------++-------
  Melee: Unarmed           ||     8
   Cast: Freeze            ||     6
 Armour: Robe              ||     8
  Dodge: Dodged            ||     8

Table legend: (Time is in decaauts)
 A = Elapsed time spent in this place.
 B = Non-inter-level travel time spent in this place.
 C = Inter-level travel time spent in this place.
 D = Time resting spent in this place.
 E = Time spent auto-exploring this place.
 F = Levels seen in this place.
 G = Mean time per level.
                   A        B        C        D        E       F      G
               +--------+--------+--------+--------+--------+-----+--------+
         Total |     94 |     94 |      0 |      0 |     25 |   1 |   94.0 |
       Dungeon |     94 |     94 |      0 |      0 |     25 |   1 |   94.0 |
               +--------+--------+--------+--------+--------+-----+--------+

Top non-repeatable levels by time:
     D:1: 94 daAuts
